 Dungeon Crawl Stone Soup version 0.30.0-19-g36f170ea60 (webtiles) character file.

Game seed: 877940535649084452

757 xSliceyx the Magician (level 8, 50/50 HPs)
             Began as a Djinni Hedge Wizard on May 29, 2023.
             Quit the game on level 5 of the Dungeon.
             The game lasted 00:17:38 (4285 turns).

xSliceyx the Magician (Djinni Hedge Wizard)         Turns: 4285, Time: 00:17:39

Health: 50/50      AC:  3    Str:  9    XL:     8   Next: 7%
Gold:   213        EV: 27    Int: 17    God:
                   SH:  0    Dex: 14

rFire   + + .        g - +0 mace
rCold   x . .        (no shield)
rNeg    + . .        b - +0 robe
rPois   ∞            c - +0 hat
rElec   .            w - +0 cloak
rCorr   .            (no gloves)
SInv    .            (boots unavailable)
Will    .....        s - amulet of the acrobat
Stlth   ++           x - ring of positive energy
HPRegen 0.28/turn    (no ring)
MPRegen 0.00/turn

%: acrobat
@: acrobatic, flying
A: sickness immunity, fire resistance 2, cold vulnerability 1, float, innate
caster, HP casting, extra vitality 1
a: no special abilities


You were on level 5 of the Dungeon.
You visited 1 branch of the dungeon, and saw 5 of its levels.

You collected 213 gold pieces.

Inventory:

Hand Weapons
 g - a +0 mace (weapon)
Missiles
 p - 9 poisoned darts
Armour
 b - a +0 robe (worn)
 c - a +0 hat (worn)
 w - a +0 cloak (worn)
Jewellery
 m - an amulet of faith
 s - an amulet of the acrobat (around neck)
 x - a ring of positive energy (left hand)
Scrolls
 e - 4 scrolls of teleportation {unknown}
 f - 2 scrolls of amnesia {unknown}
 h - 2 scrolls of noise {unknown}
 i - a scroll of brand weapon {unknown}
 k - a scroll of summoning {unknown}
 q - 5 scrolls of identify {unknown}
 u - a scroll of fog {unknown}
 v - a scroll of enchant weapon {unknown}
 y - a scroll of fear {unknown}
 A - a scroll of torment {unknown}
Potions
 a - 3 potions of lignification {unknown}
 d - a potion of degeneration {unknown}
 j - a potion of cancellation {unknown}
 l - 3 potions of haste {unknown}
 n - 2 potions of flight {unknown}
 o - 2 potions of might {unknown}
 r - a potion of invisibility {unknown}
 t - 2 potions of curing
 z - 2 potions of heal wounds {unknown}
 B - 2 potions of mutation {unknown}


   Skills:
 - Level 2.1 Dodging
 - Level 1.5 Stealth
 + Level 6.9 Spellcasting


You knew the following spells:

 Your Spells              Type           Power      Damage    Failure   Level
a - Magic Dart            Conj           100%       1d8       1%          1
b - Slow                  Hex            100%       N/A       1%          1
c - Blink                 Tloc           58%        N/A       1%          2
d - Call Imp              Summ           58%        N/A       1%          2
e - Mephitic Cloud        Conj/Pois/Air  29%        N/A       1%          3
f - Summon Small Mammal   Summ           100%       N/A       1%          1
g - Static Discharge      Conj/Air       58%        2-5/arc   1%          2
h - Spider Form           Tmut/Pois      29%        N/A       1%          3
Your spell library was empty.

Dungeon Overview and Level Annotations

Branches:
Dungeon (5/15)
 Temple: D:4-7

Altars:
Elyvilon
Gozag
Wu Jian

Annotations:
D:5 Pikel


Innate Abilities, Weirdness & Mutations

You are immune to sickness and miasma.
You are immune to poison.
Your flesh is very heat resistant. (rF++)
You are vulnerable to cold. (rC-)
You float through the air rather than walking.
You learn spells naturally, not from books.
Your magical power is your life essence.
You have superior vitality. (+4 MHP)


Message History

Menkaure is moderately damaged.
The magic dart hits Menkaure.
Menkaure is heavily damaged.
Menkaure blazes with dark energy!
The magic dart hits Menkaure.
Menkaure is severely damaged.
Menkaure calls on the powers of darkness!
Your body is wracked with pain!
Your cerulean imp hits Menkaure but does no damage.
Casting: Magic Dart (safe; 1% risk of failure)
Confirm with . or Enter, or press ? or * to list all spells.
Aiming: Magic Dart (safe; 1% risk of failure)
Press: ? - help, Shift-Dir - straight line, f/p - Menkaure
Aim: Menkaure (severely damaged, fast, slow, ally target, 100% to hit)
The magic dart hits Menkaure.
Menkaure is severely damaged.
Your cerulean imp barely misses Menkaure.
Unknown command.
Casting: Magic Dart (safe; 1% risk of failure)
Confirm with . or Enter, or press ? or * to list all spells.
Aiming: Magic Dart (safe; 1% risk of failure)
Press: ? - help, Shift-Dir - straight line, f/p - Menkaure
Aim: Menkaure (severely damaged, fast, slow, ally target, 100% to hit)
The magic dart hits Menkaure.
Menkaure is almost destroyed.
Your cerulean imp hits Menkaure but does no damage.
Menkaure hits your cerulean imp.
Casting: Magic Dart (safe; 1% risk of failure)
Confirm with . or Enter, or press ? or * to list all spells.
Aiming: Magic Dart (safe; 1% risk of failure)
Press: ? - help, Shift-Dir - straight line, f/p - Menkaure
Aim: Menkaure (almost destroyed, fast, not watching you, slow, ally target, 100% to hit)
The magic dart hits Menkaure.
You destroy Menkaure!
You have reached level 8!
You feel agile.
You start resting.
Your cerulean imp disappears in a puff of smoke!
HP restored.
Are you sure you want to abandon this character and quit the game? (Confirm with "yes".)

._.....#.........###.....##
...≈≈.##...........#..##.###
....≈..#.....#.......).....
≈.≈....#....###..###.#.#.##
5.≈≈.....>.......##.....<.#
.....###.....###.##...#####
....## ..............# #>###
'##.###)#....#### #.#
##....@#........ ...
.......)<........) #.##
.........[..........
....................
....................
....................
.................
###......#.......
#.#....#.......


There were no monsters in sight!

Vanquished Creatures
  Menkaure (D:5)
  2 lemures (D:4)
  A phantom (D:5)
  A howler monkey (D:5)
  A hound (D:5)
  An orc priest (D:4)
  4 iguanas
  An orc wizard (D:5)
  4 adders
  3 dart slugs
  15 orcs
  4 ball pythons
  4 bats
  5 endoplasms
  4 giant cockroaches
  6 hobgoblins
  8 jackals
  12 kobolds
  4 quokkas
  3 frilled lizards
  9 goblins
  4 rats
97 creatures vanquished.

Vanquished Creatures (collateral kills)
  2 ogres (D:5)
  An iguana (D:4)
  A worm (D:2)
  A giant cockroach (D:2)
  2 jackals (D:2)
  A quokka (D:5)
  A ball python (D:2)
9 creatures vanquished.

Grand Total: 106 creatures vanquished

Notes
Turn   | Place    | Note
-------+----------+-------------------------------------------
     0 | D:1      | xSliceyx the Djinni Hedge Wizard began the quest for the
                  | Orb.
     0 | D:1      | xSliceyx set off with the following spells memorised: Magic
                  | Dart, Slow, Blink, Call Imp, Mephitic Cloud.
     0 | D:1      | Reached XP level 1. HP: 15/15 MP: 0/0
   234 | D:1      | Reached XP level 2. HP: 20/21 MP: 0/0
   278 | D:1      | Reached skill level 3 in Spellcasting
   428 | D:1      | Reached XP level 3. HP: 24/25 MP: 0/0
   428 | D:1      | Learned a level 1 spell: Summon Small Mammal
   504 | D:1      | Found a faded altar of an unknown god.
   926 | D:2      | Reached XP level 4. HP: 20/31 MP: 0/0
  1709 | D:3      | Reached skill level 4 in Spellcasting
  1824 | D:3      | Found an ornate altar of the Wu Jian Council.
  1952 | D:3      | Found a white marble altar of Elyvilon.
  1998 | D:3      | Reached XP level 5. HP: 33/35 MP: 0/0
  1998 | D:3      | Learned a level 2 spell: Static Discharge
  2701 | D:4      | Reached XP level 6. HP: 23/40 MP: 0/0
  3063 | D:4      | Reached skill level 5 in Spellcasting
  3103 | D:5      | Entered Level 5 of the Dungeon
  3224 | D:5      | Found an opulent altar of Gozag.
  3278 | D:5      | Noticed an ogre
  3290 | D:5      | Killed an ogre
  3291 | D:5      | Reached XP level 7. HP: 44/45 MP: 0/0
  3291 | D:5      | Learned a level 3 spell: Spider Form
  3345 | D:5      | Noticed Pikel
  3349 | D:5      | Reached skill level 6 in Spellcasting
  3568 | D:5      | Noticed Menkaure
  4193 | D:5      | Killed Menkaure
  4194 | D:5      | Reached XP level 8. HP: 24/50 MP: 0/0
  4285 | D:5      | Quit the game

Illustrated notes

Levels and vault maps discovered:
D:1:      minmay_arrival_pointy, layout_rooms,
          hellmonk_ecumenical_altar_defaced_shrine, minmay_quantized
D:2:      layout_rooms, serial_glass, glass_columns_c, glass_columns_a,
          item_on_display_a, minmay_bisected
D:3:      layout_rooms, elyvilon_altar_4, mainiacjoe_overflow_24_doors
D:4:      minmay_angry_zag, layout_rooms, grunt_ministairs_6
D:5:      minmay_evil_eye, layout_basic, mainiacjoe_overflow_small_starburst,
          mainiacjoe_overflow_paths, uniq_pikel, uniq_menkaure

Skill      XL: |  1  2  3  4  5  6  7 |
---------------+----------------------+-----
Spellcasting   | 3 4 5 6 |  6.9
Dodging        | |  2.1
Stealth        | |  1.5

Action                     |  1- 3 |  4- 6 |  7- 9 || total
---------------------------+-------+-------+-------++-------
  Melee: Mace              |     3 |     1 |       ||     4
         Unarmed           |       |       |    14 ||    14
   Cast: Magic Dart        |    82 |   155 |    57 ||   294
         Call Imp          |     1 |     7 |    10 ||    18
         Blink             |     1 |     6 |     8 ||    15
         Slow              |       |     8 |    14 ||    22
         Static Discharge  |       |     5 |     5 ||    10
         Summon Small Mamm |       |       |     6 ||     6
         Spider Form       |       |       |     2 ||     2
 Armour: Robe              |     1 |     5 |     2 ||     8
  Dodge: Dodged            |    14 |     8 |    25 ||    47
